 Dungeon Crawl Stone Soup version 0.13-a0-2001-g039544c (webtiles) character file.

92188 M4edhros the Fetichist (level 16, -12/91 HPs)
             Began as an Octopode Artificer on June 19, 2013.
             Was a Believer of Fedhas.
             Killed from afar by a vapour (16 damage)
             ... with a bolt of lightning
             ... on Level 2 of the Swamp on June 25, 2013.
             The game lasted 04:12:14 (42248 turns).

M4edhros the Fetichist (Octopode Artificer)        Turns: 42248, Time: 04:12:14

HP -12/91        AC  9     Str  9      XL: 16   Next: 12%
MP  33/33        EV 23     Int 20      God: Fedhas [**....]
Gold 605         SH 23     Dex 19      Spells:  8 memorised,  7 levels left

Res.Fire  : + . .   See Invis. : .   D - +8,+7 trident of Eternal Harmony {slay orc Res.Cold : . . . Warding : . F - +1 shield Life Prot.: . . . Conserve : . (helmet restricted)
Res.Poison: .       Res.Corr.  : .   C - amulet of the gourmand
Res.Elec. : .       Clarity    : .   h - ring of invisibility
Sust.Abil.: . .     Spirit.Shd : .   t - +4 ring of evasion
Res.Mut.  : .       Stasis     : .   e - ring of protection from fire
Res.Rott. : .       Flight     : .   r - +3 ring of protection
Gourmand  : +                        L - +6 ring of dexterity
                                     p - +4 ring of protection
                                     R - ring of wizardry
                                     A - ring of sustenance

@: mildly poisoned, somewhat resistant to hostile enchantments, extraordinarily
stealthy
A: almost no armour, amphibious, 8 rings, constrict 8, camouflage 1, breathe
flames 1, deformed body, -10% hp, mutation resistance 1, screaming 1, AC +2, Str
-1, Int -1, Dex -1
a: Evolution, Sunlight, Renounce Religion, Breathe Fire, Evoke Invisibility


You were on level 2 of the Swamp.
You worshipped Fedhas.
Fedhas was greatly pleased with you.
You were full.

You visited 5 branches of the dungeon, and saw 32 of its levels.
You also visited: Ice Cave.

You collected 2982 gold pieces.
You spent 2397 gold pieces at shops.

Inventory:

Hand weapons
 b - the cursed -3,+0 spear "Mnoememp" {flame, +Blink +Fly rPois}
   (You bought it in a shop on level 4 of the Orcish Mines)

   It emits flame when wielded, causing extra injury to most foes and up to
   double damage against particularly susceptible opponents.
   It protects you from poison.
   It lets you fly.
   It lets you blink.
   It has a curse placed upon it.
 D - the +8,+7 trident of Eternal Harmony (weapon) {slay orc, Dex+1}
   (You found it on level 1 of the Swamp)

   It is especially effective against all of orcish descent.
   It affects your dexterity (+1).
 M - the +4,+6 falchion "Strooquc" {flame, rElec SInv}
   (You found it on level 9 of the Dungeon)

   It emits flame when wielded, causing extra injury to most foes and up to
   double damage against particularly susceptible opponents.
   Big, fiery blades are also staple armaments of hydra-hunters.
   It insulates you from electricity.
   It enhances your eyesight.
Missiles
 u - a throwing net (quivered)
Armour
 g - a +0 large shield of protection
 z - a +0 elven buckler
 F - a +1 shield (worn)
Magical devices
 i - a wand of frost (16)
 q - a wand of hasting (4)
 x - a wand of random effects (18)
 T - a wand of digging (7)
 X - a wand of heal wounds (2)
Comestibles
 c - 9 cheeses
 d - 4 pears
 s - 4 strawberries
Scrolls
 f - a scroll of magic mapping
 j - 2 scrolls of fear
 k - 2 scrolls of teleportation
 y - a scroll of recharging
 B - a scroll of identify
Jewellery
 e - a ring of protection from fire (on tentacle)
 h - a ring of invisibility (left tentacle)
 n - an uncursed ring of protection from cold
 p - a +4 ring of protection (on tentacle)
 r - a +3 ring of protection (on tentacle)
 t - a +4 ring of evasion (right tentacle)
 v - the amulet of the Air {Inacc +Fly rElec EV+5 RMsl}
   (You bought it in a shop on level 2 of the Orcish Mines)

   [amulet of inaccuracy]

   It affects your evasion (+5).
   It insulates you from electricity.
   It lets you fly.
   It protects you from missiles.
 A - a ring of sustenance (on tentacle)
 C - an amulet of the gourmand (around mantle)
 L - a +6 ring of dexterity (on tentacle)
 R - a ring of wizardry (on tentacle)
Potions
 w - a potion of curing
 E - a potion of speed
 H - a potion of heal wounds
Miscellaneous
 U - a disc of storms
Rods
 a - a +6 rod of warding (10/10)
   (You acquired it on level 9 of the Dungeon)
 S - a +2 rod of demonology (11/11)
   (You acquired it on level 12 of the Dungeon)


   Skills:
 + Level 7.6 Fighting
   Level 1.0 Short Blades
 * Level 3.8 Polearms
 - Level 10.0 Dodging
 - Level 13.9 Stealth
 * Level 8.8 Shields
 - Level 2.1 Traps
 * Level 8.3 Spellcasting
 - Level 9.0 Conjurations
 + Level 0.4 Transmutations
 - Level 4.0 Air Magic
 + Level 1.0 Earth Magic
 - Level 10.3 Poison Magic
 + Level 14.0 Invocations
 + Level 16.1 Evocations


You had 7 spell levels left.
You knew the following spells:

 Your Spells              Type           Power        Failure   Level  Hunger
a - Mephitic Cloud        Conj/Pois/Air  #####...     1%          3    None
b - Cure Poison           Pois           #####.....   1%          2    None
c - Venom Bolt            Conj/Pois      #####.....   3%          5    ####...
d - Condensation Shield   Ice            #.........   63%         4    ###....
e - Regeneration          Chrm/Necr      #.........   13%         3    None
f - Shroud of Golubria    Chrm/Tloc      #.........   7%          2    None
g - Recall                Summ/Tloc      N/A          13%         3    None
h - Stoneskin             Trmt/Erth      ##........   5%          2    None


Dungeon Overview and Level Annotations

Branches:
Dungeon (17/27)            Temple (1/1) D:7             Orc (4/4) D:9
    Elf (0/3) Orc:4          Lair (8/8) D:8           Swamp (2/5) Lair:3
 Spider (0/5) Lair:6        Slime (0/6) Lair:7       Vaults (0/5) D:15

Altars:
Ashenzari
Cheibriados
Elyvilon
Fedhas
Kikubaaqudgha
Makhleb
Nemelex Xobeh
Okawaru
Sif Muna
Trog
Vehumet
Xom
Yredelemnul
Zin
the Shining One
Beogh

Shops:
Orc:1: ( Orc:2: = Orc:3: [ Orc:4: }([*

Portals:
Trove: D:13 (show abyssal rune of Zot)

Annotations
D:2 Sigmund
D:15 exclusion: guardian serpent, Nikola


Innate Abilities, Weirdness & Mutations

You cannot wear most types of armour.
You are amphibious.
You can wear up to eight rings at the same time.
You can use your tentacles to constrict many enemies at once.
Your skin changes colour to match your surroundings (Stlth).
Your rubbery body absorbs attacks (AC +1).
You are partially covered in molten scales (AC +1).
You can breathe flames.
You are clumsy (Dex -1).
Your body is misshapen.
You are dopey (Int -1).
You are frail (-10% HP).
You are somewhat resistant to further mutation.
You occasionally shout uncontrollably.
You are weak (Str -1).


Message History

You feel sick.
You feel sick.
You feel sick.
You feel sick.
You feel sick.
You feel sick.
You feel sick.
You feel sick. The bolt of lightning misses you.
You feel sick. The bolt of lightning hits you!
You feel sick.
You feel sick.
You feel sick.
You feel a little better.
You feel sick. The bolt of lightning misses you.
You feel sick. The bolt of lightning hits you!
* * * LOW HITPOINT WARNING * * *
* * * LOW HITPOINT WARNING * * *
You feel sick. The bolt of lightning hits you!
You die...
Fedhas appreciates your contribution to the ecosystem.

≈§.≈♣♣..≈..≈..≈♣♣♣♣.......≈♣≈♣≈≈≈
≈≈≈.♣f..≈≈.♣♣♣♣♣ ♣♣♣...ff≈.♣♣♣≈..
≈≈≈.≈≈.≈≈≈≈♣ ♣♣♣♣≈.§≈♣..≈.♣ ♣♣.≈
.≈≈≈≈≈.♣♣♣♣♣ ♣≈.≈.≈≈.f.≈..♣♣ ♣♣♣
.≈≈≈(.♣♣ ♣≈≈.≈..≈≈≈≈..^♣ ♣....≈♣
♣≈≈....≈≈≈≈..♣♣ ♣♣♣≈♣♣♣
♣.>..≈≈≈≈..≈♣♣♣ ♣..
♣♣≈≈≈.≈≈.<≈≈≈.≈♣ ♣≈≈
≈♣♣≈≈@......≈≈≈≈≈♣ ♣♣♣
♣≈......≈........>.♣♣
.≈≈....≈.........≈♣
.≈...≈♣.≈♣≈.≈♣.≈♣♣♣
♣≈≈♣♣♣≈........♣♣ ♣ ♣♣..≈..♣≈≈♣
♣♣♣♣♣♣♣♣♣♣


You could see a friendly wandering mushroom.

Vanquished Creatures
  Kirke (Swamp:1)
  An orc warlord (Orc:4)
  2 wandering mushrooms
  Erica (D:15)
  An alligator (Swamp:1)
  8 hydras
  3 death yaks (Lair:4)
  3 ogre magi
  Nergalle (D:15)
  A stone giant skeleton (D:17)
  A centaur warrior (D:14)
  8 spiny frogs
  Erolcha (D:10)
  An orc knight (Orc:4)
  A swamp dragon (Swamp:1)
  2 ice statues (IceCv)
  3 hill giants
  3 ice devils (IceCv)
  2 unseen horrors
  A lindwurm (Lair:8)
  A necromancer (IceCv)
  3 griffons
  2 wolf spiders
  5 cyclopes
  A harpy (shapeshifter) (D:15)
  A red wasp (Swamp:1)
  An elephant slug (Lair:6)
  6 ugly things
  8 slime creatures
  5 elephants (Lair:8)
  Psyche (D:11)
  5 trolls
  3 komodo dragons
  4 two-headed ogres
  3 giant leeches (Swamp:1)
  4 blue devils (IceCv)
  4 blink frogs
  A baby alligator (Swamp:1)
  A giant firefly (shapeshifter) (D:16)
  5 basilisks
  23 yaks
  A vampire (D:13)
  3 shadows
  A hungry ghost (Swamp:1)
  12 vampire mosquitoes
  4 hogs
  A chaos spawn (D:14)
  2 wraiths
  A draconian simulacrum (IceCv)
  A fire drake (shapeshifter) (D:15)
  5 hippogriffs
  2 fire drakes (Lair:7)
  A deep elf summoner (Orc:4)
  A soldier ant (D:16)
  2 mottled dragons (D:14)
  3 manticores
  A manticore zombie (D:14)
  20 swamp worms
  3 removed MONS_WAR_DOGs
  22 orc warriors
  A black bear (Lair:2)
  6 giant goldfish (Swamp:2)
  A cyclops skeleton (D:12)
  A human (D:10)
  5 ice beasts
  A giant goldfish zombie (D:6)
  A boring beetle (Lair:8)
  3 sky beasts
  6 wolves
  6 swamp drakes
  A big kobold (D:9)
  7 centaurs
  10 ogres
  5 giant slugs
  11 crocodiles
  10 water moccasins
  11 giant frogs
  2 giant frog skeletons
  A centaur skeleton (D:4)
  A fire crab simulacrum (D:15)
  4 insubstantial wisps (Swamp:2)
  5 agate snails
  2 eyes of draining
  14 killer bees
  3 troll simulacra (IceCv)
  4 goliath beetles
  A centaur simulacrum (IceCv)
  An ogre zombie (D:9)
  Dowan (D:7)
  5 crimson imps
  19 orc priests
  2 quasits
  4 electric eels
  A hound zombie (D:5)
  3 big fish (Lair:3)
  8 hounds
  44 orc wizards
  14 worker ants
  12 iguanas
  4 jellies
  14 porcupines
  A hound skeleton (D:4)
  5 scorpions
  8 sheep
  Ijyb (D:2)
  A naga simulacrum (IceCv)
  23 adders
  An adder zombie (D:5)
  4 gnolls (D:6)
  32 green rats
  An adder skeleton (D:5)
  4 giant centipedes
  A giant mite (Lair:3)
  An orc skeleton (Orc:4)
  7 white imps (Lair:3)
  8 worms
  A giant eyeball (D:5)
  130 orcs
  7 giant cockroaches
  22 goblins
  9 hobgoblins
  21 jackals
  8 quokkas
  3 ball pythons
  12 bats
  9 giant geckos
  8 giant newts
  2 giant spores
  A hobgoblin zombie (D:6)
  20 kobolds
  24 rats
  2 rat skeletons (D:8)
  2 rat zombies (D:6)
  4 ballistomycetes
  A fungus (Lair:8)
  5 toadstools
862 creatures vanquished.

Vanquished Creatures (collateral kills)
  Harold (D:15)
  A great orb of eyes (D:17)
  A deep troll shaman (Lair:8)
  A hydra (D:12)
  Nessos (D:17)
  2 centaur warriors
  6 death yaks
  An alligator (Swamp:1)
  2 orc high priests (Orc:4)
  13 slime creatures
  A catoblepas (Lair:8)
  A swamp dragon (Swamp:2)
  An orc knight (D:16)
  An ice devil (Orc:4)
  An unseen horror (D:16)
  A hill giant (D:12)
  4 two-headed ogres (D:17)
  A griffon (D:17)
  A giant amoeba (D:17)
  4 cyclopes
  3 orc sorcerers (Orc:4)
  2 black mambas
  4 elephants (Lair:8)
  2 wandering mushrooms
  2 hellwings (Orc:4)
  8 spiny frogs
  A yaktaur (shapeshifter) (D:10)
  An efreet (D:16)
  2 komodo dragons
  A hill giant skeleton (D:11)
  5 ugly things
  A red devil (Orc:4)
  A polar bear (Lair:7)
  5 trolls
  2 baby alligators (Swamp:1)
  2 blink frogs (Lair:2)
  A giant leech (Swamp:2)
  2 basilisks
  2 grizzly bears (Lair:8)
  A shadow (D:15)
  11 yaks
  A wraith (D:13)
  A wyvern (D:15)
  A hungry ghost (D:11)
  8 removed MONS_WAR_DOGs
  3 hippogriffs
  A neqoxec (Orc:4)
  5 swamp worms
  11 vampire mosquitoes
  A manticore skeleton (D:10)
  An ice beast (IceCv)
  18 orc warriors
  A centaur (D:11)
  4 ogres
  A warg (Orc:4)
  A wolf (Lair:2)
  4 giant slugs
  3 crocodiles
  5 water moccasins
  3 agate snails
  An insubstantial wisp (Swamp:2)
  A giant frog skeleton (D:12)
  A giant frog (Lair:4)
  3 killer bees
  A quasit (Orc:4)
  2 crimson imps (D:12)
  3 hounds
  6 orc priests
  A scorpion (D:12)
  11 orc wizards
  An iguana (Lair:4)
  An orc zombie (Orc:4)
  3 sheep (Lair:4)
  2 porcupines
  2 adders
  8 green rats
  4 orc skeletons (Orc:4)
  5 white imps (Lair:3)
  An ufetubus (Orc:4)
  55 orcs
  A goblin (Orc:4)
  2 bats
  2 giant spores (D:14)
  2 rat zombies
296 creatures vanquished.

Vanquished Creatures (others)
  An oklob plant (Orc:4)
  A hyperactive ballistomycete (D:14)
  An alligator (Swamp:1)
  A sun demon (D:17)
  A human (Swamp:1)
  An orange demon (D:15)
  An elephant (Lair:8)
  An iron devil (D:17)
  5 blue devils
  4 bog bodies
  A ynoxinul (D:14)
  3 yaks
  A steam dragon (Lair:7)
  A boulder beetle zombie (D:16)
  Duvessa (D:7)
  A hound (D:13)
  A giant centipede zombie (D:14)
  2 orcs (Orc:4)
  A kobold (D:9)
  A bat (D:6)
  3 giant spores
  56 wandering mushrooms
  2 ballistomycetes (D:14)
  12 fungi
  3 plants (Lair:8)
  474 toadstools
580 creatures vanquished.

Grand Total: 1738 creatures vanquished

Notes
Turn   | Place    | Note
--------------------------------------------------------------
     0 | D:1      | M4edhros, the Octopode Artificer, began the quest for the Orb.
     0 | D:1      | Reached XP level 1. HP: 14/14 MP: 1/1
   359 | D:1      | Reached XP level 2. HP: 19/19 MP: 3/3
   865 | D:1      | Reached XP level 3. HP: 24/24 MP: 4/4
  1170 | D:2      | Noticed Sigmund
  1195 | D:2      | Yermak: They removed stabbing skill, btw
  1215 | D:2      | Yermak: in trnk
  1222 | D:1      | M4edhros: oh rly?
  1222 | D:1      | M4edhros: why?
  1435 | D:2      | Yermak: look at your skills
  1454 | D:2      | Yermak: no stabbing
  1454 | D:2      | M4edhros: i read about it - weapon+stealth/2?
  1454 | D:2      | Yermak: yeah
  1454 | D:2      | M4edhros: or smth near this
  1454 | D:2      | Yermak: all nagas are stabbers now
  1454 | D:2      | M4edhros: thats even better xd
  1454 | D:2      | M4edhros: octo would be nice stabber also xd
  1454 | D:2      | M4edhros: i have invis ring right now
  1569 | D:2      | Yermak: cool
  1609 | D:2      | Yermak: and cool dagger
  1658 | D:2      | Yermak: hei
  1658 | D:2      | M4edhros: and haste!
  1658 | D:2      | Yermak: don't so fast
  1658 | D:2      | Yermak: go invi
  1658 | D:2      | Yermak: it's like 60%
  1658 | D:2      | M4edhros: my internet connection here is not that great, thats why im jumpin from time to time xd
  1666 | D:2      | Yermak: lol
  1931 | D:1      | Reached skill level 4 in Evocations
  1931 | D:1      | Reached XP level 4. HP: 26/29 MP: 4/6
  2105 | D:2      | Noticed Ijyb
  2106 | D:2      | Yermak: hmm
  2121 | D:2      | Yermak: I wonder if cats can evoke those lamp and phials
  2126 | D:2      | Killed Ijyb
  2429 | D:3      | Found a shattered altar of Ashenzari.
  2438 | D:3      | Yermak: grab the net?
  2969 | D:3      | Found a white marble altar of Elyvilon.
  3074 | D:4      | Reached XP level 5. HP: 32/34 MP: 8/8
  3353 | D:4      | Reached skill level 5 in Evocations
  3455 | D:4      | Noticed an ogre
  3463 | D:4      | Found a radiant altar of Vehumet.
  3641 | D:4      | Reached XP level 6. HP: 37/39 MP: 11/11
  3673 | D:4      | Noticed an ogre
  3677 | D:4      | Killed an ogre
  3727 | D:4      | Reached skill level 6 in Evocations
  4254 | D:5      | Entered Level 5 of the Dungeon
  4293 | D:5      | Reached skill level 5 in Stealth
  4293 | D:5      | Reached XP level 7. HP: 39/44 MP: 14/14
  4303 | D:5      | Yermak: stabbign is cool
  4769 | D:5      | Reached skill level 7 in Evocations
  4976 | D:5      | Learned a level 3 spell: Mephitic Cloud
  5150 | D:5      | Found a deep blue altar of Sif Muna.
  5166 | D:5      | Reached XP level 8. HP: 43/50 MP: 18/18
  5168 | D:5      | Identified Sif Muna's Compendium of Displacement
  5351 | D:6      | Yermak: I always forget they can swim
  5359 | D:6      | Found a glowing golden altar of the Shining One.
  5495 | D:6      | Reached skill level 1 in Poison Magic
  5577 | D:6      | Reached skill level 5 in Dodging
  5720 | D:6      | Reached skill level 1 in Spellcasting
  5720 | D:6      | Reached skill level 1 in Air Magic
  5720 | D:6      | Reached skill level 8 in Evocations
  6183 | D:6      | Noticed a moth of wrath
  6184 | D:6      | Found a bloodstained altar of Trog.
  6220 | D:6      | M4edhros: its nice
  6283 | D:6      | Found a burning altar of Makhleb.
  6366 | D:6      | Found an ancient bone altar of Kikubaaqudgha.
  6438 | D:7      | Found a glowing silver altar of Zin.
  6471 | D:7      | Found a staircase to the Ecumenical Temple.
  6485 | Temple   | Entered the Ecumenical Temple
  6732 | D:7      | Yermak: invis?
  6947 | D:7      | Reached XP level 9. HP: 48/54 MP: 20/20
  7265 | D:7      | Noticed Duvessa
  7266 | D:7      | Noticed Dowan
  7271 | D:7      | Killed Duvessa
  7279 | D:7      | Killed Dowan
  7449 | D:7      | Reached skill level 9 in Evocations
  8130 | D:8      | Yermak: I suggest you to learn Cure Poson
  8142 | D:8      | Learned a level 2 spell: Cure Poison
  8162 | D:8      | Found a staircase to the Lair.
  8188 | D:8      | Yermak: no temple?
  8229 | D:8      | M4edhros: no fedhas in temple
  8229 | D:8      | Reached skill level 1 in Conjurations
  8659 | D:9      | Yermak: alarm traps are new now
  8666 | D:9      | Got a fine falchion
  8667 | D:9      | Identified the +4,+6 falchion "Strooquc" {flame, rElec SInv} (You found it on level 9 of the Dungeon)
  8668 | D:9      | Yermak: they make everyone on the floor know where you are
  8670 | D:9      | M4edhros: thats pretty deadly xd
  8791 | D:9      | Reached XP level 10. HP: 58/60 MP: 8/22
  9129 | D:9      | HP: 2/60 [orc warrior/orcish halberd (24)]
  9130 | D:9      | Yermak: halbberd
  9130 | D:9      | Yermak: step back
  9130 | D:9      | M4edhros: gonna be thrown at
  9130 | D:9      | Yermak: hound will stop him from chasing
  9130 | D:9      | Yermak: purple?
  9130 | D:9      | Yermak: no known healingpots?
  9130 | D:9      | M4edhros: heal wounds hidden
  9130 | D:9      | M4edhros: cure pots known
  9130 | D:9      | Yermak: go for purple then
  9130 | D:9      | M4edhros: shouldnt i just try gettin up?
  9130 | D:9      | Yermak: didn't you say other orc has smth to throw?
  9130 | D:9      | M4edhros: there are 3 piles of loot
  9130 | D:9      | M4edhros: on one of them there is a club
  9130 | D:9      | M4edhros: ah. and 2 darts
  9130 | D:9      | Yermak: press 'g' now
  9130 | D:9      | Yermak: you will know where ois it
  9130 | D:9      | M4edhros: xd
  9130 | D:9      | Yermak: nder you
  9130 | D:9      | M4edhros: ok, so if i go directly down
  9130 | D:9      | M4edhros: i mean, diagonaly
  9130 | D:9      | M4edhros: left/down
  9130 | D:9      | M4edhros: it will miss it
  9130 | D:9      | Yermak: well, hound can move
  9130 | D:9      | M4edhros: i could then try enslaving him
  9130 | D:9      | M4edhros: or drinkin pot
  9130 | D:9      | M4edhros: or casting mephitis cloud
  9130 | D:9      | Yermak: and priest can clear his head
  9130 | D:9      | M4edhros: but priest is confused
  9130 | D:9      | M4edhros: ima step left/down
  9130 | D:9      | Yermak: I'd quaff
  9130 | D:9      | M4edhros: hmm. im still in range of halber
  9130 | D:9      | Yermak: yep
  9130 | D:9      | M4edhros: so even if i quaff right, im gonna be low
  9130 | D:9      | M4edhros: if it wont be healing pot, and still ill be alive
  9130 | D:9      | M4edhros: there will be 2 orcs on me
  9130 | D:9      | M4edhros: so quaffing doesnt make this situation better
  9130 | D:9      | Yermak: if you step, you're still having orc on youunless hound stays on its place
  9130 | D:9      | Yermak: and priest can ceas to be confused
  9130 | D:9      | M4edhros: if i move, there is a chance one of orcs is gonna be blocked
  9130 | D:9      | M4edhros: priest was confused 3 turns ago
  9130 | D:9      | Yermak: well, ok
  9130 | D:9      | Yermak: you still can quaff later
  9131 | D:9      | M4edhros: ok...
  9131 | D:9      | Yermak: cool
  9131 | D:9      | M4edhros: now. i can move further
  9131 | D:9      | Yermak: it seems that halberd orc had move before hound had move
  9131 | D:9      | M4edhros: and reach with no prob stairs
  9131 | D:9      | Yermak: yep
  9132 | D:9      | M4edhros: plz orc, do not go straight now...
  9132 | D:9      | M4edhros: tele scroll?
  9132 | D:9      | Yermak: no, go up
  9133 | D:9      | M4edhros: he is on mace
  9133 | D:9      | M4edhros: he is gonna pick it up
  9133 | D:9      | M4edhros: i can still cast mephitic
  9133 | D:9      | M4edhros: i have big chance to confuse him in 2 turns
  9133 | D:9      | Yermak: two cells diagonally?
  9133 | D:9      | Yermak: so they have to move through more clouds?
  9133 | D:9      | Yermak: yeah
  9133 | D:9      | M4edhros: i need to cast meph on top of that guy
  9133 | D:9      | M4edhros: so he cant throw weapon at me
  9133 | D:9      | M4edhros: like this, there is smaller chance
  9133 | D:9      | M4edhros: he will be hit
  9133 | D:9      | Yermak: well, yeh
  9133 | D:9      | Yermak: no
  9133 | D:9      | M4edhros: still.
  9133 | D:9      | M4edhros: like this
  9133 | D:9      | M4edhros: to secure halberd orc
  9133 | D:9      | M4edhros: is the best option i think
  9133 | D:9      | Yermak: Do you think that being 0,1 from the center is better than beinh 1,1?
  9133 | D:9      | M4edhros: hmpf. yes
  9133 | D:9      | M4edhros: it works mostly on cross
  9133 | D:9      | M4edhros: middle, up, down, right, left
  9133 | D:9      | Yermak: Well, I have no experience with clouds,so carry on :)
  9134 | D:9      | Yermak: new danger
  9134 | D:9      | M4edhros: ok. one more.
  9134 | D:9      | Yermak: enslave?
  9134 | D:9      | M4edhros: prolly
  9134 | D:9      | M4edhros: also i could cast another cloud
  9134 | D:9      | M4edhros: as he is gonna be confused pretty surely
  9135 | D:9      | M4edhros: thank you dear cofnused ork
  9415 | D:8      | Yermak: so manytime on these 5 turns
  9497 | D:8      | M4edhros: eh.
  9497 | D:8      | M4edhros: im tired already
  9497 | D:8      | Yermak: you have red stairs
  9497 | D:8      | M4edhros: i should use that
  9693 | D:9      | Yermak: lol
  9817 | D:9      | Found a staircase to the Orcish Mines.
  9862 | D:9      | Reached skill level 5 in Poison Magic
  9862 | D:9      | Reached skill level 10 in Evocations
  9920 | D:9      | M4edhros: yep
  9920 | D:9      | M4edhros: it was heal wounds
  9920 | D:9      | M4edhros: : )
 10095 | D:9      | Found a blossoming altar of Fedhas.
 10134 | D:9      | Became a worshipper of Fedhas Madash
 10201 | D:10     | Entered Level 10 of the Dungeon
 10215 | D:10     | Noticed Erolcha
 10224 | D:9      | Yermak: lair?
 10224 | D:9      | Yermak:
 10224 | D:9      | M4edhros: yep...
 10224 | D:9      | M4edhros: too bad got fedhas that late
 10242 | D:9      | M4edhros: oh
 10242 | D:9      | M4edhros: acquire...
 10242 | D:9      | Identified a scroll of acquirement
 10242 | D:9      | M4edhros: usualy to win the game i picked staff, but then i started to do melee octo with armour acquires
 10242 | D:9      | Yermak: I missed
 10242 | D:9      | Yermak: What did you acquire?
 10242 | D:9      | M4edhros: yep, found acquire scroll
 10242 | D:9      | M4edhros: nothing yet
 10242 | D:9      | M4edhros: hmm
 10242 | D:9      | Yermak: In my last game I acquireed +13 +4 qb
 10242 | D:9      | M4edhros: orly?
 10242 | D:9      | Yermak: and then found holy qb
 10242 | D:9      | M4edhros: heh
 10242 | D:9      | M4edhros: nice
 10242 | D:9      | M4edhros: holy qb
 10242 | D:9      | M4edhros: awesome
 10242 | D:9      | Yermak: yeah, first time in my games
 10242 | D:9      | Yermak: all thx to Grunt
 10242 | D:9      | M4edhros: why?
 10242 | D:9      | Yermak: he increased possibility of finding qb in Hall of Blades
 10242 | D:9      | M4edhros: oh
 10242 | D:9      | M4edhros: thats good
 10242 | D:9      | M4edhros: good to know
 10242 | D:9      | Yermak: and these lliving weapons don't see invis now
 10242 | D:9      | M4edhros: ...
 10242 | D:9      | M4edhros: rly?
 10242 | D:9      | M4edhros: thats making them less dangerous
 10242 | D:9      | Yermak: they had to sense invis earlier
 10243 | D:9      | Yermak: yeah, hall of blades is absolute cookie now
 10245 | D:9      | Identified a +6 rod of warding (10/10) (You acquired it on level 9 of the Dungeon)
 10246 | D:9      | M4edhros: they pretty much screwed evocations with patch 11
 10246 | D:9      | M4edhros: 0.11
 10246 | D:9      | Yermak: really?
 10246 | D:9      | M4edhros: they made all staffs have so big hunger cost...
 10246 | D:9      | M4edhros: yep
 10246 | D:9      | Yermak: oh
 10246 | D:9      | M4edhros: i tried to win games the same way i did in 0.10
 10246 | D:9      | M4edhros: and it was no longer possible
 10246 | D:9      | M4edhros: too big hunger cost
 10246 | D:9      | Yermak: evenwith high evo?
 10246 | D:9      | M4edhros: without gourmand there is no chance
 10246 | D:9      | M4edhros: yep
 10246 | D:9      | Yermak: try Jiyva
 10246 | D:9      | M4edhros: highest evo doesnt nullify the cost
 10246 | D:9      | Yermak: I ate nothing with my spriggan siince I met her
 10246 | D:9      | M4edhros: yep, maybe thats the way
 10246 | D:9      | M4edhros: but to win the game i need evo + fedhas xd
 10246 | D:9      | M4edhros: jiyva wont help me
 10246 | D:9      | Yermak: :D
 10246 | D:9      | Yermak: I had one Fedhas game recently
 10283 | D:8      | Yermak: It was cool
 10338 | Lair:1   | Entered Level 1 of the Lair of Beasts
 10355 | Lair:1   | Yermak: snake pits was the matter of 2 fruit
 10409 | Lair:1   | M4edhros: nice
 10409 | Lair:1   | M4edhros: yep
 10409 | Lair:1   | M4edhros: if u have high enough invo
 10409 | Lair:1   | M4edhros: its no problem
 10409 | Lair:1   | M4edhros: i can now wear another weapon
 10423 | Lair:1   | Yermak: Well, I created a lake
 10444 | Lair:1   | Yermak: and oklob on the island
 10465 | Lair:1   | Yermak: lake was blocking the vault entrance
 10465 | Lair:1   | Yermak: and oklob shooted all the nagas
 10477 | Lair:1   | Yermak: there was nothing to do withmyinvo
 10477 | Lair:1   | M4edhros: and they drowned
 10477 | Lair:1   | M4edhros: invo increases the hd of oklobs
 10477 | Lair:1   | Yermak: why drowned?
 10477 | Lair:1   | M4edhros: so they shoot faster
 10477 | Lair:1   | Yermak: I know
 10477 | Lair:1   | M4edhros: caus oklobs make them confused for 1 turn
 10477 | Lair:1   | Yermak: but they couldn't do anything
 10477 | Lair:1   | M4edhros: caus of acid
 10477 | Lair:1   | M4edhros: and if near water, creatures drown
 10477 | Lair:1   | M4edhros: in ork vault
 10477 | Lair:1   | Yermak: they just stood on th shore as oklob spitted on'em
 10477 | Lair:1   | M4edhros: u just plant one - two oklobs and blok the entrance the same way
 10477 | Lair:1   | M4edhros: u just have to be careful for highpriests and their demons
 10477 | Lair:1   | M4edhros: thats when invo comes in handy
 10477 | Lair:1   | Yermak: oklobs confuse thins?
 10478 | Lair:1   | Acquired Fedhas' first power
 10617 | Lair:1   | M4edhros: for 1 turn
 10617 | Lair:1   | Yermak: did you want to say mushrooms?
 10617 | Lair:1   | M4edhros: oklobs
 10779 | Lair:1   | Yermak: You're lucky with rings this game.
 10830 | Lair:1   | M4edhros: yep : ))
 10836 | Lair:1   | Learned a level 5 spell: Venom Bolt
 11084 | Lair:1   | Noticed a five-headed hydra
 11085 | Lair:1   | M4edhros: oh
 11085 | Lair:1   | M4edhros: my favourite one
 11091 | Lair:1   | Yermak: fire wand?
 11098 | Lair:1   | Killed a five-headed hydra
 11098 | Lair:1   | Reached skill level 5 in Conjurations
 11098 | Lair:1   | Reached skill level 11 in Evocations
 11098 | Lair:1   | Reached XP level 11. HP: 45/64 MP: 25/25
 11195 | Lair:1   | M4edhros: THIS
 11195 | Lair:1   | M4edhros: is awesome
 11195 | Lair:1   | M4edhros: awesomeawesomeawesome
 11195 | Lair:1   | M4edhros: awesome like hell
 11195 | Lair:1   | M4edhros: look
 11195 | Lair:1   | M4edhros: i have falchion with relec
 11195 | Lair:1   | Yermak: I still have a dream of heavy using of disc of storms.
 11195 | Lair:1   | M4edhros: and in newest patches they allowed to use disc with relec
 11195 | Lair:1   | Yermak: Since now you can use it withrElece
 11633 | Lair:2   | Gained mutation: You can breathe flames. [potion of mutation]
 11633 | Lair:2   | Gained mutation: You occasionally shout uncontrollably. [potion of mutation]
 11640 | Lair:2   | Yermak: So
 11664 | Lair:2   | Yermak: When are you going to start using disc?
 11673 | Lair:2   | M4edhros: i need aroundish 15 evo
 11673 | Lair:2   | M4edhros: 20 best
 11673 | Lair:2   | M4edhros: still, it doesnt work well vs flying
 11673 | Lair:2   | M4edhros: so most of lategame
 11673 | Lair:2   | M4edhros:
 11673 | Lair:2   | M4edhros: but for midgame its awesome
 11673 | Lair:2   | M4edhros: vault
 11813 | Lair:2   | Acquired Fedhas' second power
 11896 | Lair:2   | Yermak: flying?
 11902 | Lair:2   | Yermak: why flying?
 11904 | Lair:2   | M4edhros: all flying mobs have resist vs elec
 11924 | Lair:2   | Yermak: you are so wrong
 11928 | Lair:2   | M4edhros: i was lookin for this info
 11928 | Lair:2   | M4edhros: and on chaosforge thats what i found
 11928 | Lair:2   | Yermak: all flying mobs used to have been not affected by elec weapons
 11944 | Lair:2   | Yermak: They did not have rElec
 11954 | Lair:2   | Yermak: You couldfir them with lightning bolts with the same ease.
 11954 | Lair:2   | Yermak: and now there is no difference between flying and crawling stuff in terms of electricity
 11954 | Lair:2   | Yermak: Now you can shock dragons with your favourite elec dagger.
 11954 | Lair:2   | M4edhros: thats pretty nice
 11954 | Lair:2   | M4edhros: elec brand is gonna shine so much right now
 12326 | Lair:3   | M4edhros: hmm
 12384 | Lair:3   | Found a glowing silver altar of Zin.
 12427 | Lair:3   | Yermak: cool
 12494 | Lair:3   | Found a frozen archway.
 12525 | IceCv    | Entered an ice cave
 12532 | IceCv    | Noticed an ice devil
 12535 | IceCv    | M4edhros: damn it
 12535 | IceCv    | M4edhros: not enough faith to be able to handle this one
 12535 | IceCv    | Yermak: necromant and lots of cool stuff
 12540 | IceCv    | Yermak: it has no rElec
 12553 | IceCv    | M4edhros: but im not ready to handle it right now
 12553 | IceCv    | Yermak: DMsl then disc?
 12553 | IceCv    | M4edhros: its like
 12553 | IceCv    | M4edhros: 50% chance of airing
 12553 | IceCv    | M4edhros: and only 2 bolts
 12553 | IceCv    | Yermak: 1 fire charge?
 12553 | IceCv    | M4edhros: i can recharge
 12553 | IceCv    | M4edhros: 5 scrolls
 12553 | IceCv    | Yermak: awesome
 12558 | IceCv    | Killed an ice devil
 12560 | IceCv    | Noticed an ice devil
 12613 | IceCv    | Killed an ice devil
 12719 | IceCv    | Noticed an ice statue
 12719 | IceCv    | Noticed an ice statue
 12720 | IceCv    | Yermak: apportation learnt?
 12720 | IceCv    | M4edhros: nope
 12720 | IceCv    | M4edhros: still i need to kill at least one
 12753 | IceCv    | Yermak: why not dagger?
 12754 | IceCv    | M4edhros: freezing?
 12756 | IceCv    | Yermak: protection
 12766 | IceCv    | Yermak: you're going to die with all these recharging scrolls
 12778 | IceCv    | M4edhros: invis...
 12791 | IceCv    | M4edhros: contam...
 12801 | IceCv    | Gained mutation: You are clumsy (Dex -1). [mutagenic glow]
 13000 | IceCv    | Killed an ice statue
 13006 | IceCv    | Noticed an ice devil
 13078 | IceCv    | Killed an ice devil
 13078 | IceCv    | Reached skill level 10 in Stealth
 13078 | IceCv    | Reached skill level 5 in Spellcasting
 13078 | IceCv    | Reached skill level 5 in Invocations
 13237 | IceCv    | M4edhros: rly?
 13237 | IceCv    | M4edhros: it wasnt hitting that much before xd
 13334 | IceCv    | Yermak: all you have to do is to grab the loot and to get out
 13343 | IceCv    | Yermak: why are you fighting?
 13346 | IceCv    | M4edhros: too many traps inside
 13346 | IceCv    | M4edhros: cant do it without clearing
 13348 | IceCv    | Yermak: well, they don't see inv also
 13348 | IceCv    | Yermak: you can try to stab
 13348 | IceCv    | M4edhros: there are statues
 13348 | IceCv    | Yermak: no
 13348 | IceCv    | M4edhros: inside still
 13348 | IceCv    | Yermak: there is 50% chance to be 1 statue
 13348 | IceCv    | M4edhros: hmm
 13360 | IceCv    | Yermak: i'd say dagger is better
 13538 | IceCv    | Noticed an ice statue
 13543 | IceCv    | M4edhros: statues does see invis?
 13543 | IceCv    | Yermak: yes
 13543 | IceCv    | M4edhros: if it casts freezing vapour in here
 13543 | IceCv    | M4edhros: im screwed
 13545 | IceCv    | Yermak: you should have enslaved that simulacrum
 13545 | IceCv    | Yermak: to fight staue
 13545 | IceCv    | Yermak: try to lure tough one here
 13545 | IceCv    | M4edhros: man... your so clever xd
 13548 | IceCv    | Yermak: then enslave to fight
 13586 | IceCv    | Yermak: not now
 13599 | IceCv    | Yermak: oops
 13599 | IceCv    | M4edhros: heh
 13599 | IceCv    | Yermak: oooooops
 13599 | IceCv    | M4edhros: i was sure they wouldnt be enslaveable
 13599 | IceCv    | Yermak: Fedhas doesn't like zombies
 13599 | IceCv    | M4edhros: rly?
 13599 | IceCv    | M4edhros: hm
 13599 | IceCv    | M4edhros: too bad
 13599 | IceCv    | Yermak: that was a good plan
 13601 | IceCv    | Yermak:
 13705 | IceCv    | Yermak: I'd do one cast from here then run away to the other side
 13707 | IceCv    | Killed an ice statue
 13727 | IceCv    | Yermak: cool
 13857 | IceCv    | Yermak: now necromancer
 13858 | IceCv    | Yermak: or Ice fiend
 13858 | IceCv    | Yermak: if you're unlucky
 13858 | IceCv    | M4edhros: ice fiend would be nice.
 13858 | IceCv    | Noticed a necromancer
 13867 | IceCv    | Killed a necromancer
 13881 | IceCv    | Yermak: saber?
 13881 | IceCv    | M4edhros: wow, great items. xd
 13885 | IceCv    | Yermak: mushroom!
 13887 | IceCv    | M4edhros: : )
 13892 | IceCv    | M4edhros: do i need to get to other rooms?
 13892 | IceCv    | Yermak: there is no loot
 13892 | IceCv    | M4edhros: as far as i remember there is no loot
 13892 | IceCv    | Yermak: except for nets
 13892 | IceCv    | M4edhros: i never use nets tbh
 13892 | IceCv    | M4edhros: are they useful only in tomb?
 13892 | IceCv    | Yermak: for me
 13894 | IceCv    | Yermak: I think oklobs are fine in Tomb
 13900 | IceCv    | Yermak: since they ar torrent immune, I guess
 13900 | IceCv    | M4edhros: i did tomb with fedhas
 13900 | IceCv    | Yermak: I have to try 15-runner of Fedhas
 13900 | IceCv    | M4edhros: it was hard like hell
 13900 | IceCv    | M4edhros: but doable
 13965 | IceCv    | M4edhros: hmm
 13965 | IceCv    | M4edhros: nice
 13965 | IceCv    | M4edhros: does it prevent stabbing?
 13965 | IceCv    | Yermak: what with the spells?
 13965 | IceCv    | M4edhros: its gonna be bad for now
 13965 | IceCv    | Yermak: nope, afaik
 13965 | IceCv    | M4edhros: need a buckled
 13965 | IceCv    | M4edhros: buckler
 13965 | IceCv    | M4edhros: heh
 13965 | IceCv    | Yermak: though I've never tried to stab with a big shield
 13965 | IceCv    | M4edhros: one thing is great
 13973 | IceCv    | M4edhros: ill show u xd
 13985 | Lair:3   | Learned a level 4 spell: Condensation Shield
 13985 | Lair:3   | M4edhros: oh.
 13985 | Lair:3   | M4edhros: they fixed it
 14005 | Lair:3   | Was placed under penance by Fedhas
 14006 | Lair:3   | Yermak: lol
 14006 | Lair:3   | M4edhros: still not working
 14006 | Lair:3   | M4edhros: pff : )
 14067 | Lair:2   | Yermak: they somehow changed priests
 14149 | Lair:1   | Yermak: I'm going not to watch some time
 14149 | Lair:1   | M4edhros: kk
 14149 | Lair:1   | M4edhros: im gonna do lair
 14305 | Lair:3   | Gained mutation: Your body is misshapen. [mutagenic glow]
 14315 | Lair:3   | M4edhros: no, rly?
 14323 | Lair:3   | Reached XP level 12. HP: 39/67 MP: 26/26
 14752 | Lair:3   | Was forgiven by Fedhas
 15313 | Lair:4   | Noticed a death yak
 15314 | Lair:4   | Noticed a death yak
 15315 | Lair:4   | Noticed a death yak
 15317 | Lair:4   | Noticed a death yak
 15326 | Lair:4   | Noticed a death yak
 15330 | Lair:4   | Killed a death yak
 15330 | Lair:4   | Reached skill level 12 in Evocations
 15333 | Lair:4   | Killed a death yak
 15343 | Lair:4   | Killed a death yak
 15352 | Lair:4   | Killed a death yak
 15353 | Lair:4   | Killed a death yak
 15512 | Lair:4   | Noticed a four-headed hydra
 15530 | Lair:4   | Killed a four-headed hydra
 16569 | Lair:5   | Acquired Fedhas' third power
 17434 | Lair:6   | Yermak: arr, dead, broke possible streak
 17962 | Lair:6   | Found a hole to the Spider Nest.
 18080 | Lair:6   | Acquired Fedhas' fourth power
 18114 | Lair:6   | Noticed a four-headed hydra
 18115 | Lair:6   | Yermak: it's hard now when you're getting used to hpbar on character tile
 18115 | Lair:6   | Yermak: to play without it
 18115 | Lair:6   | M4edhros: damn
 18115 | Lair:6   | M4edhros: how big was your best streak?
 18115 | Lair:6   | Yermak: show me your stats
 18115 | Lair:6   | Yermak: 3
 18115 | Lair:6   | M4edhros: and isnt it hard to do even 2 streak? xd
 18115 | Lair:6   | Yermak: I'd say you're not going to stab it
 18115 | Lair:6   | M4edhros: nop
 18115 | Lair:6   | M4edhros: i never been a stabber
 18115 | Lair:6   | M4edhros: i dont like that playstyle
 18251 | Lair:6   | Killed a four-headed hydra
 18254 | Lair:6   | Yermak: my favorite tactics to kill early hydras with Trog is following:
 18455 | Lair:6   | Yermak: enslave it, throw a book abd fry it
 18455 | Lair:6   | M4edhros: xD
 18455 | Lair:6   | M4edhros: thats nice
 18592 | Lair:6   | Yermak: X, ctrl-e
 18598 | Lair:6   | Yermak: to clear all exeptions
 18598 | Lair:6   | M4edhros: yep i know
 18598 | Lair:6   | Yermak: exclusions*
 18598 | Lair:6   | M4edhros: i wanted not to go further into spiders
 18598 | Lair:6   | M4edhros: withour poison res
 19289 | Lair:7   | Reached XP level 13. HP: 71/71 MP: 28/28
 19299 | Lair:7   | Found a staircase to the Slime Pits.
 19456 | Lair:8   | Entered Level 8 of the Lair of Beasts
 19640 | Lair:8   | Noticed a five-headed hydra
 19646 | Lair:8   | M4edhros: noo
 19646 | Lair:8   | M4edhros: o rly
 19646 | Lair:8   | M4edhros: rly
 19646 | Lair:8   | M4edhros: lucky me
 19646 | Lair:8   | M4edhros: i got petrified
 19646 | Lair:8   | M4edhros: and just before petrification i shouted uncontrollably
 19646 | Lair:8   | M4edhros: and 1 hydra, 1 komodo, 1 wolfspider, 2 water moccasins came...
 19647 | Lair:8   | M4edhros: WHAT
 19647 | Lair:8   | M4edhros: IM ALIVE
 19647 | Lair:8   | M4edhros: MAN
 19647 | Lair:8   | M4edhros: that is crazy.
 19659 | Lair:8   | Killed a five-headed hydra
 19911 | Lair:8   | Reached skill level 10 in Invocations
 20063 | Lair:8   | Reached skill level 13 in Evocations
 20103 | Lair:7   | Got a sapphire quarterstaff
 20104 | Lair:7   | Identified the +6,+5 quarterstaff "Demonslayer" {venom, rElec rN+} (You found it on level 7 of the Lair of Beasts)
 20341 | Lair:8   | Yermak: Looks like I missed all the action
 20341 | Lair:8   | M4edhros: yep.
 20341 | Lair:8   | M4edhros: it was unbelievable
 20341 | Lair:8   | M4edhros: i staied alive in front of hydra and komodo dragon and wolfspider for 3 turns
 20341 | Lair:8   | Yermak: цршду штмшышиду,
 20341 | Lair:8   | Yermak: oops
 20342 | Lair:8   | Yermak: while invisible?
 20343 | Lair:8   | M4edhros: nope
 20343 | Lair:8   | M4edhros: visible
 20343 | Lair:8   | M4edhros: pure luck
 20565 | Lair:8   | Yermak: there are deep troll shaman
 20578 | Lair:8   | Yermak: dire elephants
 20583 | Lair:8   | Yermak: and death yaks
 20585 | Lair:8   | M4edhros: that sounds tough
 20810 | Lair:8   | M4edhros: zot trap contamination
 20833 | Lair:8   | Gained mutation: You are frail (-10% HP). [mutagenic glow]
 20853 | Lair:8   | Gained mutation: You are weak (Str -1). [mutagenic glow]
 20873 | Lair:8   | Gained mutation: You are somewhat resistant to further mutation. [mutagenic glow]
 21160 | Lair:8   | Upgraded the game from 0.13-a0-1672-g2e244fd to 0.13-a0-1762-gc06daff
 21311 | Lair:8   | Noticed a deep troll shaman
 21461 | Lair:8   | Killed a deep troll shaman
 22772 | D:10     | Noticed a hill giant
 22797 | D:10     | Killed a hill giant
 23073 | D:10     | Killed Erolcha
 23223 | D:10     | Noticed a four-headed hydra
 23226 | D:10     | Killed a four-headed hydra
 23226 | D:10     | Reached skill level 10 in Poison Magic
 24390 | D:11     | Noticed Psyche
 24419 | D:11     | Killed Psyche
 25000 | D:12     | Paralysed by a potion of paralysis for 4 turns
 25177 | D:12     | Noticed a six-headed hydra
 25187 | D:12     | Killed a six-headed hydra
 25187 | D:12     | Reached XP level 14. HP: 69/69 MP: 29/29
 25201 | D:12     | Reached skill level 10 in Dodging
 25220 | D:12     | Identified a +2 rod of demonology (11/11) (You acquired it on level 12 of the Dungeon)
 25844 | D:13     | Reached skill level 14 in Evocations
 26321 | D:13     | Learned a level 3 spell: Regeneration
 26324 | D:13     | Learned a level 2 spell: Shroud of Golubria
 26328 | D:13     | Learned a level 3 spell: Recall
 26779 | D:13     | Found a portal to a secret trove of treasure.
 27032 | D:13     | Upgraded the game from 0.13-a0-1762-gc06daff to 0.13-a0-1804-g486adc7
 28492 | Orc:1    | Entered Level 1 of the Orcish Mines
 28677 | Orc:1    | Acquired Fedhas' fifth power
 29600 | Orc:1    | Found Fruotwu's Antique Weapon Shop.
 29765 | Orc:2    | Found a roughly hewn altar of Beogh.
 30058 | Orc:2    | Found Umainn's Jewellery Boutique.
 30361 | Orc:3    | Found Shasuleo's Antique Armour Shoppe.
 30810 | Orc:4    | Entered Level 4 of the Orcish Mines
 30810 | Orc:4    | Found a staircase to the Elven Halls.
 30939 | Orc:4    | Found a roughly hewn altar of Beogh.
 31301 | Orc:4    | Found a roughly hewn altar of Beogh.
 31515 | Orc:4    | Found a roughly hewn altar of Beogh.
 31586 | Orc:4    | Found a roughly hewn altar of Beogh.
 31664 | Orc:4    | Found Skas' Gadget Shoppe.
 31787 | Orc:4    | Found a roughly hewn altar of Beogh.
 31826 | Orc:4    | Found Ulesmoh's Assorted Antiques.
 31833 | Orc:4    | Bought a scroll of identify for 52 gold pieces
 31833 | Orc:4    | Bought a pitted demon trident for 520 gold pieces
 31833 | Orc:4    | Bought a potion of heal wounds for 78 gold pieces
 31834 | Orc:4    | Identified the cursed -3,+0 demon trident "Cytt" {vamp, +Fly rC+ MR+ Stlth++} (You bought it in a shop on level 4 of the Orcish Mines)
 31993 | Orc:4    | Found a roughly hewn altar of Beogh.
 32038 | Orc:4    | Noticed an orc warlord
 32053 | Orc:4    | Killed an orc warlord
 32381 | Orc:4    | Found Cyshuon's Antique Weapon Shoppe.
 32381 | Orc:4    | Found a roughly hewn altar of Beogh.
 32383 | Orc:4    | Found Smair's Antique Armour Emporium.
 32396 | Orc:4    | Bought a crude spear for 278 gold pieces
 32759 | Orc:4    | Found a roughly hewn altar of Beogh.
 32765 | Orc:4    | Found a roughly hewn altar of Beogh.
 33260 | Orc:2    | Bought a +4 ring of evasion for 504 gold pieces
 33260 | Orc:2    | Bought the amulet of the Air {Inacc +Fly rElec EV+5 RMsl} for 519 gold pieces
 33509 | D:14     | Entered Level 14 of the Dungeon
 33902 | D:14     | Reached skill level 1 in Shields
 33962 | D:14     | Reached skill level 15 in Evocations
 34297 | D:15     | Entered Level 15 of the Dungeon
 34349 | D:15     | Noticed Erica
 34490 | D:15     | Gained mutation: You are dopey (Int -1). [mutagenic meat]
 34536 | D:15     | Killed Erica
 34562 | D:15     | Reached skill level 5 in Fighting
 34672 | D:15     | Found a staircase to the Vaults.
 34692 | D:15     | Noticed Harold
 34732 | D:15     | Killed Harold
 34975 | D:15     | Noticed Nikola
 35006 | D:15     | Reached XP level 15. HP: 78/78 MP: 27/32
 35127 | D:15     | Noticed Nergalle
 35154 | D:15     | Killed Nergalle
 35529 | D:15     | Gained mutation: You are partially covered in molten scales (AC +1). [mutagenic meat]
 35783 | D:16     | Reached skill level 5 in Shields
 36543 | D:17     | Noticed Nessos
 36558 | D:17     | Killed Nessos
 38624 | Lair:3   | Found a staircase to the Swamp.
 38647 | Swamp:1  | Entered Level 1 of the Swamp
 38688 | Swamp:1  | Identified the cursed -3,+0 spear "Mnoememp" {flame, +Blink +Fly rPois} (You bought it in a shop on level 4 of the Orcish Mines)
 39050 | Swamp:1  | Upgraded the game from 0.13-a0-1804-g486adc7 to 0.13-a0-2001-g039544c
 39575 | Swamp:1  | Noticed Kirke
 39585 | Swamp:1  | Reached skill level 1 in Polearms
 39591 | Swamp:1  | Killed Kirke
 40312 | Swamp:1  | Reached skill level 16 in Evocations
 40407 | Swamp:1  | Got a crystal trident
 40408 | Swamp:1  | Identified the +8,+7 trident of Eternal Harmony {slay orc, Dex+1} (You found it on level 1 of the Swamp)
 40983 | Lair:3   | Reached XP level 16. HP: 74/89 MP: 33/33
 41163 | Orc:2    | Bought an uncursed amulet of the gourmand for 420 gold pieces
 41242 | Orc:4    | Bought a scroll labeled BREFUOVIDWEI for 26 gold pieces
 41503 | Lair:1   | Learned a level 2 spell: Stoneskin
 42212 | Swamp:2  | Reached skill level 1 in Earth Magic
 42248 | Swamp:2  | HP: 4/91 [poisoned by a swamp dragon (blast of poison)]
 42248 | Swamp:2  | Killed from afar by a vapour

Action                   |  1- 3 |  4- 6 |  7- 9 | 10-12 | 13-15 | 16-18 || total
-------------------------+-------+-------+-------+-------+-------+-------++-------
Melee: Short sword       |    16 |       |       |       |       |       ||    16
       Dagger            |    68 |   116 |   383 |   865 |   805 |       ||  2237
       Falchion          |       |       |       |    10 |       |       ||    10
       Trident           |       |       |       |       |   878 |    84 ||   962
       Club              |       |       |       |       |     7 |       ||     7
 Fire: Bow               |       |       |     2 |       |       |       ||     2
       Blowgun           |       |       |    28 |     7 |       |       ||    35
 Cast: Mephitic Cloud    |       |       |     6 |    65 |   141 |     4 ||   216
       Venom Bolt        |       |       |       |     2 |    73 |     3 ||    78
       Condensation Shie |       |       |       |     1 |       |       ||     1
       Regeneration      |       |       |       |       |    29 |     8 ||    37
       Recall            |       |       |       |       |     6 |     2 ||     8
       Cure Poison       |       |       |       |       |     2 |       ||     2
       Shroud of Golubri |       |       |       |       |     2 |       ||     2
Invok: Evolution         |       |       |       |    20 |    48 |     1 ||    69
       Sunlight          |       |       |       |       |    27 |       ||    27
       Reproduction      |       |       |       |       |     3 |       ||     3
       Rain              |       |       |       |       |     2 |       ||     2
 Abil: Fly               |     2 |       |       |       |       |       ||     2
       Evoke Invisibilit |     1 |       |     6 |    15 |     5 |     1 ||    28
       Turn Visible      |       |       |     6 |    11 |       |       ||    17
       Breathe Fire      |       |       |       |     2 |    29 |     5 ||    36
       Evoke Flight      |       |       |       |       |     1 |       ||     1
Evoke: Wand              |     1 |    10 |    28 |    47 |    49 |     1 ||   136
       Rod               |       |       |       |     6 |    20 |       ||    26
  Use: Potion            |     1 |     2 |     5 |     7 |    15 |     4 ||    34
       Scroll            |       |       |     8 |    15 |    17 |       ||    40
 Stab: Sleeping          |     9 |     4 |    28 |    40 |    59 |     2 ||   142
       Paralysed         |       |     2 |       |       |       |       ||     2
       Confused          |       |       |     7 |    41 |    74 |     1 ||   123
       Distracted        |       |       |     3 |     2 |    14 |     1 ||    20
       Invisible         |       |       |    11 |    33 |    30 |     2 ||    76
       Fleeing           |       |       |       |       |     1 |       ||     1
